AoeStats
← d4rk

Arena

509510685Analyzed
4v4 RM · 6d ago on Sep 27, 2026· 37m 32s· 8 players
Game mode
Random Map
Map size
Large (8 player)
Population
200
Speed
Normal
Resources
Standard
Victory
Conquest
Starting age
Dark Age
Ending age
Imperial Age
RankedLock teamsTeams togetherTeam positionsShared explorationLock speedFull tech treeHidden civsTurbo modeCheats
Victory
Defeat
🇨🇦 Franks · Canada
985
+18
🇨🇳 Celts · China
969
+19
🇺🇸 Sicilians · United States
962
+19
🇲🇽 Portuguese · Mexico
918
+20
🇦🇷 Bohemians · Argentina
1085
-22
🇦🇷 Vikings · Argentina
1073
-21
🇨🇱 Persians · Chile
1036
-19
🇨🇴 Aztecs · Colombia
907
-14
Big Naturals
11:57 Feudal Age
12:39 Double-Bit Axe
15:53 Castle Age
21:46 Husbandry
26:06 Forging
26:01 Scale Barding Armor
26:40 Bow Saw
30:02 Imperial Age
28:51 Iron Casting
28:36 Chain Barding Armor
29:09 Wheelbarrow
28:39 Gold Mining
32:08 Cavalier
34:12 Plate Barding Armor
34:44 Paladin
36:28 Hand Cart
36:53 Gold Shaft Mining
36:11 Stone Mining
R_FACELESS
9:19 Feudal Age
9:54 Double-Bit Axe
16:48 Castle Age
17:59 Bow Saw
21:42 Loom
29:03 Imperial Age
26:38 Town Watch
27:07 Gold Mining
27:51 Fortified Wall
28:43 Wheelbarrow
27:53 Town Watch
28:43 Horse Collar
29:47 Fletching
30:42 Heavy Plow
31:51 Hand Cart
33:23 Chemistry
33:35 Ballistics
35:18 Two-Man Saw
34:27 Town Patrol
36:21 Guilds
38:08 Arquebus
gbecerro
0:27 Loom
9:49 Feudal Age
10:14 Double-Bit Axe
14:29 Horse Collar
19:51 Castle Age
18:13 Gold Mining
18:50 Stone Mining
20:05 Scale Mail Armor
19:56 Fletching
21:06 Bow Saw
21:46 Heavy Plow
21:42 Gambesons
22:56 Squires
24:27 Wheelbarrow
23:34 Man-at-Arms
25:39 Pikeman
25:39 Long Swordsman
26:58 Forging
28:35 Gold Shaft Mining
29:23 Arson
28:59 Long Swordsman
33:15 Hand Cart
37:17 Town Watch
President of USA
2:54 Loom
13:03 Feudal Age
13:49 Double-Bit Axe
16:40 Castle Age
14:31 Horse Collar
17:46 Heavy Plow
19:37 Wheelbarrow
30:21 Imperial Age
28:06 Gold Mining
28:35 Fortified Wall
28:28 Scale Mail Armor
28:39 Forging
29:37 Bow Saw
29:45 Hand Cart
30:07 Chain Mail Armor
30:28 Iron Casting
30:42 Gold Shaft Mining
30:00 Stronghold
30:03 Stone Mining
31:33 Iron Casting
31:42 Ballistics
31:55 Plate Mail Armor
32:29 Stone Shaft Mining
32:26 Furor Celtica
32:37 Conscription
33:26 Chemistry
33:49 Blast Furnace
32:40 Fletching
33:06 Heavy Scorpion
33:56 Elite Woad Raider
36:10 Bodkin Arrow
36:11 Town Watch
d4rk
5:23 Loom
10:33 Feudal Age
15:01 Castle Age
13:13 Horse Collar
13:25 Double-Bit Axe
13:32 Horse Collar
16:29 Wheelbarrow
16:45 Heavy Plow
19:52 Bow Saw
24:33 Hand Cart
27:41 Gold Mining
27:45 Stone Mining
31:28 Imperial Age
29:06 Atlatl
29:31 Scale Mail Armor
31:52 Chain Mail Armor
31:47 Forging
33:03 Gold Shaft Mining
33:16 Plate Mail Armor
34:03 Iron Casting
33:40 Fletching
Gordo Frank
11:07 Feudal Age
15:30 Castle Age
13:51 Double-Bit Axe
16:58 Squires
18:42 Forging
21:12 Horse Collar
22:33 Gold Mining
23:04 Bow Saw
24:40 Gold Shaft Mining
24:12 Heavy Plow
26:08 Scale Mail Armor
27:26 Loom
27:59 Fletching
29:34 Chain Mail Armor
30:01 Bodkin Arrow
30:06 Padded Archer Armor
31:54 Leather Archer Armor
35:28 Imperial Age
34:37 Town Watch
34:29 Crossbowman
36:46 Bracer
37:16 Ring Archer Armor
36:51 Arbalester
esalasr014
9:29 Feudal Age
11:32 Horse Collar
14:51 Town Watch
17:33 Castle Age
16:00 Double-Bit Axe
18:02 Heavy Plow
18:32 Bow Saw
19:41 Wheelbarrow
19:28 Stone Mining
21:16 Loom
23:44 Hand Cart
29:18 Imperial Age
27:23 Bloodlines
27:21 Scale Barding Armor
28:28 Chain Barding Armor
30:21 Plate Barding Armor
30:26 Murder Holes
30:22 Fletching
31:25 Husbandry
32:24 Ballistics
32:01 Bodkin Arrow
33:27 Kamandaran
33:55 Padded Archer Armor
34:06 Forging
33:21 Cavalier
33:37 Crossbowman
35:07 Thumb Ring
35:17 Gold Mining
merascolanariz
10:25 Feudal Age
14:52 Castle Age
14:51 Wheelbarrow
14:14 Double-Bit Axe
16:00 Bow Saw
18:06 Hand Cart
18:14 Fervor
18:09 Horse Collar
18:53 Loom
19:24 Heavy Plow
27:28 Hand Cart
29:59 Imperial Age
27:54 Wagenburg Tactics
30:21 Chemistry
29:41 Ballistics
30:25 Houfnice
31:04 Town Watch
32:03 Town Patrol
32:07 Padded Archer Armor
32:24 Siege Engineers
35:25 Leather Archer Armor
36:36 Ring Archer Armor
Connection lost

Rejoining the realm…

Still unreachable

The connection could not be restored.

Session expired

The server has moved on; the page needs a fresh start.